Map: Simulacrum LE

Players

ViBE

  • Race: Terran Terran
  • League: Master
  • Spawn Location: 5:00

Vanillasky - Winner!

  • Race: Protoss Protoss
  • League: Master
  • Spawn Location: 11:00

VOD

Have the link to the VOD?

Description

Time

  • Played on: Dec. 26, 2019, 10:40 p.m.
  • Length: 8:03
Show
View Real Time Build Order
Export as new Build Order

ViBE Terran 

Build Orders: 2 Factory, Reaper Expand 

Get SALT Encoding   

  12  0:01  SCV  
  13  0:13  SCV  
  14  0:19  Supply Depot  
  14  0:25  SCV  
  15  0:40  SCV  
  15  0:42  Barracks  
  16  0:45  Refinery  
  16  0:52  SCV  
  17  1:04  SCV  
  18  1:16  SCV  
  19  1:30  Orbital Command  
  19  1:31  Reaper  
  20  1:48  Command Center  
  20  1:58  SCV  
  20  2:00  Supply Depot  
  21  2:03  Marine  
  22  2:11  SCV  
  22  2:15  Refinery  
  23  2:20  Factory  
  23  2:24  SCV  
  23  2:27  Barracks Tech Lab  
  24  2:36  SCV  
  25  2:48  SCV  
  26  3:00  SCV  
  26  3:06  Orbital Command  
  27  3:12  SCV  
  27  3:13  Cyclone  
  27  3:16  Factory  
  30  3:25  SCV  
  30  3:36  Barracks Reactor  
  30  3:37  SCV x2  
  32  3:49  SCV x2  
  32  3:51  Cyclone  
  32  3:53  Mag-Field Accelerator  
  37  4:01  SCV x2  
  39  4:07  Command Center  
  39  4:13  SCV x2  
  41  4:18  Hellion  
  41  4:20  Hellion  
  45  4:25  SCV  
  45  4:26  Supply Depot x2  
  46  4:31  Supply Depot  
  46  4:39  SCV, Cyclone  
  46  4:41  SCV  
  51  4:47  Hellion  
  51  4:48  Hellion  
  51  4:51  SCV  
  56  4:53  SCV  
  56  4:57  Refinery  
  56  4:58  Refinery  
  57  5:00  Armory  
  57  5:03  SCV  
  57  5:05  SCV  
  59  5:13  Cyclone  
  62  5:15  SCV, Hellion  
  62  5:18  SCV  
  66  5:27  SCV  
  67  5:29  Command Center  
  67  5:30  SCV  
  67  5:34  Infernal Pre-Igniter  
  68  5:40  SCV  
  68  5:42  Factory  
  69  5:44  Factory  
  69  5:46  Orbital Command  
  69  5:50  Cyclone  
  69  5:53  Hellion  
  69  5:54  SCV  
  69  5:55  SCV  
  76  6:02  Hellion  
  72  6:16  Hellion  
  72  6:18  SCV x3  
  75  6:22  Cyclone, Refinery x2  
  75  6:23  Hellion  
  80  6:30  SCV x3, Factory Tech Lab  
  80  6:31  Factory Reactor  
  83  6:42  SCV x2  
  84  6:47  Hellion x2  
  86  6:54  Cyclone, Engineering Bay  
  86  6:58  Cyclone  
  86  6:59  Factory x2  
  92  7:01  SCV x2  
  92  7:02  SCV  
  92  7:05  Supply Depot x2  
  92  7:06  Supply Depot  
  95  7:13  SCV x2, Hellion x2  
  95  7:14  SCV  
  98  7:26  Cyclone  
  98  7:29  SCV x4  
  96  7:33  Hellion x3  
  92  7:41  SCV x3  
Show
View Real Time Build Order
Export as new Build Order

Vanillasky Protoss - Winner!

Build Orders: 1 Gate Expand, Blink Stalkers 

Get SALT Encoding   

  12  0:01  Probe  
  13  0:13  Probe  
  14  0:19  Pylon  
  14  0:25  Probe (Chrono Boost)  
  15  0:37  Probe (Chrono Boost)  
  15  0:38  Gateway  
  16  0:45  Probe (Chrono Boost)  
  16  0:46  Assimilator  
  17  0:52  Probe  
  18  1:04  Probe  
  19  1:16  Probe  
  20  1:28  Cybernetics Core  
  20  1:32  Probe  
  21  1:41  Nexus  
  21  1:44  Pylon  
  21  1:46  Probe  
  22  1:51  Assimilator  
  22  1:58  Probe  
  23  2:02  Adept (Chrono Boost)  
  25  2:10  Probe  
  26  2:15  Twilight Council  
  26  2:22  Probe  
  27  2:24  Stalker  
  29  2:34  Probe  
  30  2:42  Warp Gate  
  30  2:46  Probe  
  31  2:57  Probe (Chrono Boost)  
  32  2:59  Probe (Chrono Boost)  
  33  3:09  Probe (Chrono Boost), Blink (Chrono Boost)  
  33  3:11  Probe (Chrono Boost)  
  35  3:16  Probe (Chrono Boost)  
  35  3:17  Probe (Chrono Boost)  
  37  3:21  Robotics Facility  
  37  3:23  Probe  
  37  3:25  Probe  
  39  3:36  Probe  
  39  3:37  Probe  
  41  3:48  Probe  
  42  3:50  Probe, Gateway  
  42  3:52  Gateway  
  42  3:53  Assimilator  
  43  4:00  Probe, Pylon  
  43  4:02  Probe  
  45  4:08  Observer  
  46  4:18  Probe x2  
  48  4:24  Nexus  
  48  4:27  Pylon  
  48  4:30  Probe x2  
  48  4:31  Pylon, Stalker  
  50  4:34  Observer  
  50  4:38  Forge  
  53  4:39  Gateway  
  53  4:46  Probe x2  
  53  4:47  Gateway  
  53  4:49  Gateway  
  55  4:55  Gateway  
  55  4:57  Charge (Chrono Boost)  
  55  5:01  Gateway  
  55  5:04  Protoss Ground Armor Level 1 (Chrono Boost)  
  55  5:10  Gateway  
  55  5:13  Probe x2  
  57  5:19  Stalker  
  59  5:23  Stalker  
  59  5:25  Probe  
  59  5:26  Observer  
  63  5:30  Photon Cannon  
  63  5:38  Photon Cannon, Shield Battery  
  63  5:47  Probe, Warp Prism  
  66  5:50  Probe  
  66  5:53  Pylon  
  66  5:56  Pylon  
  67  6:02  Stalker x2  
  69  6:13  Zealot x2  
  69  6:18  Zealot x3  
  73  6:19  Zealot x2  
  81  6:27  Probe  
  81  6:28  Probe x2  
  84  6:35  Zealot  
  84  6:36  Stalker x3  
  84  6:39  Stalker  
  90  6:56  Zealot x4  
  90  6:57  Zealot  
  90  7:01  Pylon  
  100  7:03  Pylon  
  100  7:04  Pylon  
  100  7:20  Zealot x5  
  100  7:21  Zealot x3  
  96  7:36  Stalker  
  90  7:44  Stalker x6  
  92  7:45  Stalker  
  88  7:59  Stalker x2  
Tags
 
Add a new tag
Caveats
  • Supply blocks, unpowered buildings, or Contaminate may cause inaccurate times.
  • Supply counts are checked every 10 seconds.